 Dungeon Crawl Stone Soup version 0.25.1-2-g60ff931df9 (webtiles) character file.

Game seed: 14651086777109339158

10188 DildoBatman the Black Sun (level 11, -12/81 HPs)
             Began as a Formicid Wizard on Nov 6, 2020.
             Was a High Priest of Kikubaaqudgha.
             Mangled by an orc warrior
             ... wielding a +0 scimitar
              (14 damage)
             ... on level 1 of the Orcish Mines.
             The game lasted 00:58:31 (13727 turns).

DildoBatman the Black Sun (Formicid Wizard)        Turns: 13727, Time: 00:58:31

Health: -12/81     AC:  8    Str: 12    XL:     11   Next: 88%
Magic:  14/18      EV: 14    Int: 21    God:    Kikubaaqudgha [*****.]
Gold:   258        SH:  0    Dex:  9    Spells: 1/22 levels left

rFire    + . .     SeeInvis +   a - +8 frozen axe "Frostbite" {freezing cloud, *Noise +Fly rC+}
rCold    + + .     Gourm    .   (no shield)
rNeg     . . .     Faith    +   I - +2 robe {rC+}
rPois    .         Spirit   .   (helmet unavailable)
rElec    +         Reflect  .   f - +0 cloak
rCorr    .         Harm     .   i - +0 pair of gloves
MR       +....                  q - +0 pair of boots
Stlth    ++........             l - amulet of faith
HPRegen  0.23/turn              V - ring of protection from fire
MPRegen  0.16/turn              (no ring)

@: no status effects
A: permanent stasis, dig shafts and tunnels, four strong arms, antennae 3, low
mp 1, screaming 1, electricity resistance, no potion heal 1
a: Dig, Shaft Self, Receive Corpses, Torment, Renounce Religion, Evoke Flight


You were on level 1 of the Orcish Mines.
You worshipped Kikubaaqudgha.
Kikubaaqudgha was extremely pleased with you.
You were hungry.

You visited 3 branches of the dungeon, and saw 12 of its levels.
You also visited: Ossuary and Bailey.

You collected 496 gold pieces.
You spent 238 gold pieces at shops.

Inventory:

Hand Weapons
 a - the +8 frozen axe "Frostbite" (weapon) {freezing cloud, *Noise +Fly rC+}
   (You found it on level 8 of the Dungeon)

   It has been specially enchanted to freeze those struck by it, causing extra
   injury to most foes and up to half again as much damage against particularly
   susceptible opponents.
   It can also slow down cold-blooded creatures.
   It protects you from cold.
   It lets you fly.
   It may make noises in combat.
 d - a +2 war axe of flaming
 e - a +3 halberd
 J - a +0 shortbow
 K - a +3 dagger of electrocution
 T - a +1 flail of protection
Missiles
 g - 215 arrows
 h - 238 stones
 p - 4 poisoned darts (quivered)
 w - 6 throwing nets
 C - 77 sling bullets
 M - 15 javelins
Armour
 f - a +0 cloak (worn)
 i - a +0 pair of gloves (worn)
 q - a +0 pair of boots (worn)
 I - a +2 robe of cold resistance (worn)
Magical Staves
 R - an uncursed staff of air
 W - an uncursed staff of wizardry
Jewellery
 l - an amulet of faith (around neck)
 r - an uncursed amulet of regeneration
 V - a ring of protection from fire (left hand)
Wands
 s - a wand of flame (15)
 H - a wand of iceblast (6)
 U - a wand of paralysis (13)
Scrolls
 b - 3 scrolls of enchant armour
 k - 2 scrolls of amnesia
 m - a scroll of blinking {unknown}
 o - 3 scrolls of fear
 t - a scroll of random uselessness {unknown}
 x - a scroll of remove curse
 y - a scroll of fog
 z - a scroll of identify
 A - 2 scrolls of teleportation {unknown}
 E - a scroll of brand weapon {unknown}
 F - 2 scrolls of vulnerability {unknown}
Potions
 c - 2 potions of resistance
 j - a potion of degeneration {unknown}
 n - 10 potions of curing
 u - 5 potions of flight
 B - a potion of berserk rage {unknown}
 D - 2 potions of lignification
 G - 2 potions of heal wounds
 L - 2 potions of stabbing {unknown}
Miscellaneous
 N - a box of beasts
 O - a tin of tremorstones (3/3)
 P - a phantom mirror
Comestibles
 v - 22 rations
 Q - 10 chunks of flesh


   Skills:
 * Level 6.3 Fighting
 - Level 2.0 Polearms
 * Level 6.3 Armour
 * Level 5.7 Dodging
 - Level 2.4 Stealth
 - Level 6.1 Spellcasting
 - Level 6.0 Conjurations
   Level 1.0 Summonings
 - Level 9.0 Necromancy
   Level 0.8 Translocations
 - Level 5.0 Fire Magic
 - Level 4.0 Air Magic
 - Level 4.0 Poison Magic


You had one spell level left.
You knew the following spells:

 Your Spells              Type           Power        Failure   Level  Hunger
a - Conjure Flame         Conj/Fire      ####....     3%          3    ##.....
b - Sublimation of Blood  Necr           #####.....   1%          2    None
c - Magic Dart            Conj           ####         1%          1    None
d - Vampiric Draining     Necr           #####.....   1%          3    ##.....
e - Mephitic Cloud        Conj/Pois/Air  ####....     4%          3    ##.....
f - Searing Ray           Conj           ####..       1%          2    None
g - Ozocubu's Armour      Chrm/Ice       #.......     28%         3    ##.....
h - Dispel Undead         Necr           #####...     2%          4    ####...

Your spell library contained the following spells:

 Spells                   Type           Power        Failure   Level  Hunger
 Animate Skeleton         Necr           N/A          1%          1    None
 Pain                     Necr           ####         1%          1    None
 Beastly Appendage        Tmut           #.....       10%         1    None
 Corona                   Hex            #......      10%         1    None
 Freeze                   Ice            #...         10%         1    None
 Poisonous Vapours        Pois/Air       ###...       2%          2    None
 Animate Dead             Necr           N/A          2%          4    ####...
 Agony                    Necr           #####...     7%          5    #####..
 Dazzling Flash           Conj/Hex       ###...       9%          3    ##.....
 Call Imp                 Summ           ##......     10%         2    None
 Spider Form              Tmut/Pois      ##........   13%         3    ##.....
 Ensorcelled Hibernation  Hex/Ice        #.....       14%         2    None
 Slow                     Hex            #.......     14%         2    None
 Sticks to Snakes         Tmut           #.......     14%         2    None
 Iskenderun's Mystic Bla  Conj/Tloc      ###.....     24%         4    ####...
 Confusing Touch          Hex            #.......     28%         3    ##.....
 Frozen Ramparts          Ice            #.....       28%         3    ##.....
 Tukima's Dance           Hex            #.......     28%         3    ##.....
 Fulminant Prism          Conj/Hex       ###.......   28%         4    ####...
 Hailstorm                Conj/Ice       ###.....     28%         4    ####...
 Death Channel            Necr           #####.....   36%         6    #######
 Excruciating Wounds      Chrm/Necr      ####......   38%         5    #####..
 Summon Ice Beast         Ice/Summ       #.......     61%         4    ####...
 Ice Form                 Ice/Tmut       #.......     67%         4    ####...
 Simulacrum               Ice/Necr       ####......   93%         6    #######
 Blade Hands              Tmut           #.........   95%         5    #####..
 Metabolic Englaciation   Hex/Ice        #.........   95%         5    #####..
 Freezing Cloud           Conj/Ice/Air   ###.......   98%         6    #######
 Ozocubu's Refrigeration  Ice            #.........   100%        6    #######
 Ring of Flames           Chrm/Fire      ###.......   100%        7    #######
 Blink                    Tloc           Unusable     N/A         2    N/A

Dungeon Overview and Level Annotations

Branches:
Dungeon (10/15)            Temple (1/1) D:7            Lair (0/6) D:8
    Orc (1/2) D:10        Ossuary (visited)          Bailey (visited)

Altars:
Ashenzari
Cheibriados
Dithmenos
Elyvilon
Fedhas
Gozag
Hepliaklqana
Kikubaaqudgha
Makhleb
Nemelex Xobeh
Okawaru
Qazlal
Ru
Sif Muna
Trog
Uskayaw
Vehumet
Wu Jian
Xom
Yredelemnul
Zin
The Shining One

Shops:
D:6 *   D:7 (   D:8 (:!*(

Annotations:
D:9 exclusion: earth elemental


Innate Abilities, Weirdness & Mutations

You cannot be hasted, slowed, berserked, paralysed or teleported.
You can dig through walls and to a lower floor.
Your four strong arms can wield two-handed weapons with a shield.
You have a pair of large antennae on your head. (SInv)
Your magical capacity is low. (-10% MP)
You occasionally shout uncontrollably at your foes.
You are resistant to electric shocks. (rElec)
Potions are less effective at restoring your health.


Message History

What are your orders? t - Shout!
Orders for allies: a - Attack new target. r - Retreat! s - Stop attacking. g - Guard the area. f - Follow me.
Anything else - Cancel.
You shout for attention!
The orc wizard casts a spell at you.
You hear a sizzling sound!
You slice the orc warrior!! You freeze the orc warrior.
The orc warrior is severely wounded.
The orc wizard mumbles some strange words.
The orc wizard flickers and vanishes for a moment.
The orc warrior hits you with a +0 scimitar!! x2
You barely miss the orc warrior.
The orc warrior is severely wounded.
The orc warrior hits you with a +0 scimitar! x2
You die...
Kikubaaqudgha rasps: "You have failed me!
Welcome... death!"

## ###
##.#######.####
.#....#...)oo@.#
..$........####
#........##
#.........##
##......#.#.##
#......##....##
##............#
#......##.....#
..............##


You could see an orc warrior and an orc wizard (invisible).

Vanquished Creatures
  2 two-headed ogres
  A gargoyle (D:10)
  Prince Ribbit (D:4)
  A hippogriff (D:10)
  A hungry ghost (D:9)
  Grum (D:10)
  A water moccasin (D:9)
  14 orc warriors
  2 black bears
  A hornet zombie (D:6)
  3 ice beasts
  2 phantoms
  8 ogres
  7 sky beasts
  3 wolves (D:10)
  11 centaurs
  2 elf zombies (Ossuary)
  4 bullfrogs
  2 big kobolds
  A wyvern zombie (D:10)
  A gnoll sergeant (D:5)
  A scorpion (D:5)
  A water moccasin skeleton (D:8)
  7 killer bees
  5 wights (D:10)
  A howler monkey (D:6)
  3 electric eels (D:10)
  2 crimson imps (D:5)
  6 centaur zombies
  A quasit (D:9)
  4 hounds
  Crazy Yiuf (D:3)
  2 orc priests
  A bullfrog skeleton (D:2)
  3 centaur skeletons
  A gnoll shaman (D:5)
  2 jellies
  4 orc wizards
  2 iguanas
  4 worker ants
  A killer bee zombie (D:7)
  2 big kobold zombies (Ossuary)
  A hound zombie (D:6)
  A hound skeleton (D:6)
  2 mummies (Ossuary)
  50 gnolls
  13 adders
  3 shadow imps
  2 adder zombies
  An adder skeleton (D:5)
  4 worms (D:3)
  2 dart slugs
  5 leopard geckos
  43 orcs
  4 bats
  4 giant cockroaches (D:3)
  10 goblins
  5 hobgoblins
  23 jackals
  13 kobolds
  4 quokkas
  10 frilled lizards
  11 hobgoblin zombies (Ossuary)
  A jackal skeleton (D:4)
  A jackal zombie (D:6)
  7 kobold zombies (Ossuary)
  A leopard gecko skeleton (D:6)
  7 orc zombies (Ossuary)
  10 rats
  2 rat zombies (Ossuary)
  A fungus (D:3)
  2 plants (D:10)
366 creatures vanquished.

Vanquished Creatures (others)
  An electric eel (D:10)
  9 plants (D:10)
10 creatures vanquished.

Grand Total: 376 creatures vanquished

Notes
Turn   | Place    | Note
-------+----------+-------------------------------------------
     0 | D:1      | DildoBatman the Formicid Wizard began the quest for the
                  | Orb.
     0 | D:1      | Reached XP level 1. HP: 13/13 MP: 4/4
    67 | D:1      | Reached skill level 1 in Conjurations
   330 | D:1      | Reached XP level 2. HP: 18/19 MP: 4/6
  1012 | D:1      | Reached XP level 3. HP: 22/24 MP: 7/7
  1929 | D:2      | Learned a level 3 spell: Conjure Flame
  1961 | D:2      | Reached XP level 4. HP: 12/30 MP: 1/8
  1970 | D:2      | Learned a level 3 spell: Mephitic Cloud
  2295 | D:3      | Reached XP level 5. HP: 25/35 MP: 1/9
  3138 | D:3      | Found a runed translucent door.
  3139 | D:3      | Noticed Crazy Yiuf
  3764 | D:4      | Noticed a phantom
  4155 | D:4      | Reached skill level 5 in Conjurations
  4155 | D:4      | Reached XP level 6. HP: 30/41 MP: 8/10
  4204 | D:4      | Reached skill level 1 in Poison Magic
  4348 | D:4      | Reached skill level 1 in Fire Magic
  4930 | D:5      | Entered Level 5 of the Dungeon
  4930 | D:5      | Noticed a phantom
  4977 | D:4      | Reached skill level 1 in Air Magic
  5012 | D:5      | Noticed an ogre
  5024 | D:5      | Killed an ogre
  5024 | D:5      | Reached XP level 7. HP: 46/46 MP: 8/11
  5716 | D:6      | Found an opulent altar of Gozag.
  5717 | D:6      | Found Gozag's Platinum Reserve.
  5770 | D:6      | Reached XP level 8. HP: 52/52 MP: 1/12
  5772 | D:6      | Noticed Prince Ribbit
  6170 | D:6      | Found a sand-covered staircase.
  6174 | Ossuary  | Entered an ossuary
  6394 | Ossuary  | Reached skill level 5 in Fire Magic
  6409 | Ossuary  | Reached XP level 9. HP: 38/58 MP: 9/13
  6460 | Ossuary  | Reached skill level 1 in Fighting
  6460 | Ossuary  | Reached skill level 1 in Armour
  6870 | D:6      | Found a snail-covered altar of Cheibriados.
  7148 | D:7      | Found a blossoming altar of Fedhas.
  7563 | D:7      | Found a staircase to the Ecumenical Temple.
  7572 | Temple   | Entered the Ecumenical Temple
  7833 | Temple   | Became a worshipper of Kikubaaqudgha
  8068 | D:4      | Killed Prince Ribbit
  8303 | D:3      | Killed Crazy Yiuf
  8551 | D:5      | Reached XP level 10. HP: 69/73 MP: 7/16
  8642 | D:5      | Reached * piety under Kikubaaqudgha
  8642 | D:5      | Identified Kikubaaqudgha's Tome of Sinister Rites
                  | (Kikubaaqudgha gifted it to you on level 5 of the Dungeon)
  8642 | D:5      | Received a gift from Kikubaaqudgha
  9627 | D:7      | Reached ** piety under Kikubaaqudgha
  9644 | D:7      | Reached skill level 5 in Fighting
  9644 | D:7      | Reached skill level 5 in Armour
  9691 | D:7      | Reached skill level 5 in Spellcasting
  9696 | D:7      | Found Laesufuw's Weapon Boutique.
 10084 | D:8      | Found Lengelunly's Distillery.
 10149 | D:8      | Bought a potion of mutation for 112 gold pieces
 10149 | D:8      | Gained mutation: You are weak. (Str -2) [potion of
                  | mutation]
 10149 | D:8      | Gained mutation: You are clumsy. (Dex -2) [potion of
                  | mutation]
 10149 | D:8      | Gained mutation: You are partially covered in slimy green
                  | scales. (AC +2) [potion of mutation]
 10150 | D:8      | Lost mutation: You are clumsy. (Dex -2) [potion of
                  | mutation]
 10150 | D:8      | Lost mutation: You are weak. (Str -2) [potion of mutation]
 10150 | D:8      | Lost mutation: You are partially covered in slimy green
                  | scales. (AC +2) [potion of mutation]
 10150 | D:8      | Gained mutation: Potions are less effective at restoring
                  | your health. [potion of mutation]
 10150 | D:8      | Gained mutation: You occasionally shout uncontrollably at
                  | your foes. [potion of mutation]
 10150 | D:8      | Gained mutation: Your magical capacity is low. (-10% MP)
                  | [potion of mutation]
 10150 | D:8      | Gained mutation: You are resistant to electric shocks.
                  | (rElec) [potion of mutation]
 10151 | D:8      | Bought a potion of curing for 42 gold pieces
 10151 | D:8      | Bought a potion of heal wounds for 70 gold pieces
 10184 | D:8      | Found Xuem's General Store.
 10192 | D:8      | Bought a scroll of noise for 14 gold pieces
 10197 | D:8      | Learned a level 2 spell: Sublimation of Blood
 10201 | D:8      | Learned a level 3 spell: Vampiric Draining
 10205 | D:8      | Learned a level 3 spell: Ozocubu's Armour
 10205 | D:8      | Found Jauxog's Antique Weapon Boutique.
 10233 | D:8      | Reached skill level 5 in Dodging
 10286 | D:8      | Noticed a death knight
 10507 | D:8      | Found the +8 frozen axe "Frostbite" {freezing cloud, *Noise
                  | +Fly rC+}
 10507 | D:8      | Noticed a two-headed ogre
 10531 | D:8      | Killed a two-headed ogre
 10831 | D:8      | Found Laif's Book Shop.
 10841 | D:8      | Found a staircase to the Lair.
 10845 | D:8      | Found Jekk's Weapon Shoppe.
 10948 | D:8      | Noticed a manticore
 11001 | D:9      | Found a stormy altar of Qazlal.
 11152 | D:9      | Reached skill level 1 in Necromancy
 11200 | D:9      | Reached *** piety under Kikubaaqudgha
 11200 | D:9      | Identified Kikubaaqudgha's Reference Book on Evil
                  | (Kikubaaqudgha gifted it to you on level 9 of the Dungeon)
 11200 | D:9      | Received a gift from Kikubaaqudgha
 11209 | D:9      | Learned a level 4 spell: Dispel Undead
 11304 | D:9      | Reached skill level 2 in Necromancy
 11445 | D:9      | Reached skill level 3 in Necromancy
 11445 | D:9      | Reached XP level 11. HP: 74/81 MP: 10/18
 11782 | D:10     | Entered Level 10 of the Dungeon
 11782 | D:10     | Noticed a two-headed ogre
 11782 | D:10     | Noticed Grum
 11999 | D:10     | Reached skill level 1 in Polearms
 12045 | D:10     | Found a flagged portal.
 12091 | D:10     | Reached skill level 4 in Necromancy
 12191 | D:10     | Learned a level 2 spell: Searing Ray
 12192 | Bailey   | Entered a bailey
 12296 | Bailey   | Reached **** piety under Kikubaaqudgha
 12311 | Bailey   | Reached skill level 5 in Necromancy
 12529 | Bailey   | Reached skill level 6 in Necromancy
 12612 | Bailey   | Reached skill level 7 in Necromancy
 13001 | D:10     | Killed a two-headed ogre
 13001 | D:10     | Reached skill level 8 in Necromancy
 13001 | D:10     | Reached ***** piety under Kikubaaqudgha
 13073 | D:10     | Found a staircase to the Orcish Mines.
 13304 | D:10     | Killed Grum
 13308 | D:10     | Reached skill level 9 in Necromancy
 13684 | Orc:1    | Entered Level 1 of the Orcish Mines
 13727 | Orc:1    | HP: 2/81 [orc warrior/+0 scimitar (14)]
 13727 | Orc:1    | Mangled by an orc warrior

Illustrated notes

Levels and vault maps discovered:
D:1:      psy_arrival_conway, layout_basic, chequers_serial_rivers_marsh,
          kennysheep_decorative_pillar
D:2:      layout_loops_cross
D:3:      cheibrodos_helix_gallery, layout_basic, minmay_three_crescents,
          uniq_crazy_yiuf_cottage
D:4:      layout_loops_ring, first_ration
D:5:      lemuel_castle_with_subvaults [lemuel_castle_interior_original],
          layout_cave_pools
D:6:      layout_cave_pools, lemuel_crystal_altar, enter_ossuary_5,
          serial_glass, glass_columns_b, glass_columns_a,
          nicolae_gozag_zags_fifth_avenue, uniq_prince_ribbit1
D:7:      layout_gridville, lemuel_temple_firewalk_a, serial_shops,
          nicolae_shop_competitors_out_of_business,
          fedhas_bush_and_centaur_altar
D:8:      minmay_the_grid_square_5x5_3x3 [minmay_the_grid_square_5x5_six,
          minmay_the_grid_square_5x5_hollow_slash,
          minmay_the_grid_square_5x5_shrine2,
          minmay_the_grid_square_5x5_three_small,
          minmay_the_grid_square_5x5_megaprize_diamond,
          minmay_the_grid_square_5x5_inverted_slash,
          minmay_the_grid_square_5x5_seven,
          minmay_the_grid_square_5x5_checkered_sparse,
          minmay_the_grid_square_5x5_two], layout_rooms, lair_entry_dummy,
          serial_shops, shop_fountains, shop_statue,
          nicolae_shop_overgrown_old_shop, nicolae_shop_waterfront,
          kennysheep_mini_moat, blue_anna_alchemist [blue_anna_fruit_fields,
          blue_anna_fruit_fields], minmay_guarded_unrand_variability
D:9:      layout_basic, nicolae_qazlal_style_of_elements
D:10:     layout_roguey, david_orc_2, serial_bayou, serial_bayou_lake_a,
          serial_bayou_pond_a, serial_bayou_lagoon_a, serial_bayou_pond_b,
          enter_bailey_3, chequers_jeans, uniq_grum
Temple:   roderic_octagonal_lattice_temple
Orc:1:    layout_caves, serial_shops, shop

Skill      XL: |  1  2  3  4  5  6  7  8  9 10 11 |
---------------+----------------------------------+-----
Conjurations   | 1 2 3 4 5 6 |  6.0
Poison Magic   | 2 3 4 |  4.0
Fire Magic     | 1 2 5 |  5.0
Air Magic      | 1 2 4 |  4.0
Fighting       | 4 6 |  6.3
Armour         | 4 6 |  6.3
Dodging        | 4 5 |  5.7
Spellcasting   | 4 6 |  6.1
Necromancy     | 3 9 |  9.0
Polearms       | 2 |  2.0
Stealth        | |  2.4
Summonings     | |  1.0
Translocations | |  0.8

Action                   |  1- 3 |  4- 6 |  7- 9 | 10-12 || total
-------------------------+-------+-------+-------+-------++-------
Melee: Unarmed           |    13 |       |       |       ||    13
       Dagger            |    21 |    59 |   160 |   192 ||   432
       Short sword       |     1 |       |       |       ||     1
       Executioner's axe |       |       |       |    93 ||    93
       Halberd           |       |       |       |    35 ||    35
 Fire: Shortbow          |       |       |       |    25 ||    25
Throw: Dart              |       |    39 |    13 |     2 ||    54
       Stone             |       |     2 |       |       ||     2
       Boomerang         |       |     3 |     3 |       ||     6
 Cast: Magic Dart        |    64 |   116 |    91 |    57 ||   328
       Conjure Flame     |     1 |       |    27 |    35 ||    63
       Mephitic Cloud    |       |     7 |    27 |    62 ||    96
       Dispel Undead     |       |       |       |     4 ||     4
 Abil: Dig               |     3 |    13 |    11 |    25 ||    52
Evoke: Wand              |       |       |       |    12 ||    12
  Use: Scroll            |       |     4 |     2 |     6 ||    12
       Potion            |       |       |       |     2 ||     2
 Stab: Sleeping          |     1 |     2 |       |       ||     3
       Confused          |       |       |     5 |    11 ||    16
  Eat: Chunk             |     3 |     9 |     9 |    22 ||    43
       Ration            |       |     1 |     2 |       ||     3
Armor: Robe              |    11 |    13 |    32 |    92 ||   148
Dodge: Dodged            |    24 |    41 |    85 |   275 ||   425
